 Dungeon Crawl Stone Soup version 0.26.1-10-gdfb7c7de75 (webtiles) character file.

Game seed: 10964035868438646828

1 Almogavar the Skirmisher (level 1, -3/20 HPs)
             Began as a Gnoll Wanderer on Apr 6, 2021.
             Slain by a kobold
             ... wielding a +0 dagger
              (4 damage)
             ... on level 1 of the Dungeon.
             The game lasted 00:00:42 (52 turns).

Almogavar the Skirmisher (Gnoll Wanderer)             Turns: 52, Time: 00:00:42

Health: -3/20      AC:  2    Str: 14    XL:     1   Next: 20%
Magic:  4/4        EV: 11    Int: 14    God:
Gold:   0          SH:  0    Dex: 14    Spells: 5/5 levels left

rFire    . . .     SeeInvis .   a - +0 mace
rCold    . . .     Faith    .   (no shield)
rNeg     . . .     Spirit   .   d - +0 robe
rPois    .         Reflect  .   (no helmet)
rElec    .         Harm     .   (no cloak)
rCorr    .         Rampage  .   (no gloves)
Will     .....                  (no boots)
Stlth    +++.......             (no amulet)
HPRegen  0.06/turn              (no ring)
MPRegen  0.09/turn              (no ring)

@: no status effects
A: distributed training, fangs 1, strong nose
a: no special abilities


You were on level 1 of the Dungeon.
You visited 1 branch of the dungeon, and saw 1 of its levels.

Inventory:

Hand Weapons
 a - a +0 mace (weapon)
 e - a +0 dagger
Missiles
 b - 15 stones (quivered)
Armour
 d - a +0 robe (worn)


   Skills:
 + Level 4.4 Fighting
 + Level 0.0 Short Blades
 + Level 0.0 Long Blades
 + Level 0.0 Axes
 + Level 2.3 Maces & Flails
 + Level 0.0 Polearms
 + Level 0.0 Staves
 + Level 0.0 Slings
 + Level 0.0 Bows
 + Level 0.0 Crossbows
 + Level 0.0 Throwing
 + Level 0.0 Armour
 + Level 0.0 Dodging
 + Level 4.0 Stealth
 + Level 0.0 Shields
 + Level 0.0 Unarmed Combat
 + Level 2.6 Spellcasting
 + Level 3.6 Conjurations
 + Level 0.0 Hexes
 + Level 0.0 Summonings
 + Level 0.0 Necromancy
 + Level 0.0 Translocations
 + Level 3.6 Transmutations
 + Level 0.0 Fire Magic
 + Level 0.0 Ice Magic
 + Level 0.0 Air Magic
 + Level 0.0 Earth Magic
 + Level 0.0 Poison Magic
 + Level 0.0 Invocations
 + Level 0.0 Evocations


You had 5 spell levels left.
You didn't know any spells.
Your spell library contained the following spells:

 Spells                   Type           Power        Failure   Level
 Passwall                 Tmut/Erth      5%           16%         2
 Sandblast                Erth           2%           22%         1
 Summon Small Mammal      Summ           4%           22%         1
 Stone Arrow              Conj/Erth      12%          32%         3
 Call Canine Familiar     Summ           1%           56%         3
 Petrify                  Tmut/Erth      6%           71%         4
 Lee's Rapid Deconstruct  Erth           0%           99%         5


Dungeon Overview and Level Annotations

Branches:
Dungeon (1/15)

Altars:


Innate Abilities, Weirdness & Mutations

Your experience applies equally to all skills.
You have very sharp teeth.
Your uncanny sense of smell can sniff out nearby items.


Message History

You kill the bat!
The hobgoblin barely misses you. The kobold hits you but does no damage.
The kobold hits you with a +0 dagger.
The hobgoblin hits you but does no damage.
You miss the kobold. The kobold hits you with a +0 dagger.
The hobgoblin closely misses you.
You are too injured to fight recklessly!
You closely miss the kobold. The kobold closely misses you.
The hobgoblin hits you with a +0 club.
* * * LOW HITPOINT WARNING * * *
You completely miss the kobold. The kobold hits you but does no damage.
The hobgoblin hits you but does no damage.
The kobold misses you.
The hobgoblin hits you but does no damage.
The hobgoblin hits you with a +0 club.
* * * LOW HITPOINT WARNING * * *
Found 12 gold pieces.
You are too injured to fight recklessly!
The kobold hits you with a +0 dagger.
You die...

...............#
................
.............# #########.
.............# #.........
............####.........
#####'#####..............
#.........##............$
#.........#####..........
#..⌠...⌠..# ##@.......#
#.........######K.......#
+....<....+.....g.......#
#.........#......########
#..⌠...⌠..#....###
#.........#....#
#.........#....#
#####+#####....# ##....#


You could see a hobgoblin and a kobold.

Vanquished Creatures
  A bat (D:1)
1 creature vanquished.

Notes
Turn   | Place    | Note
-------+----------+-------------------------------------------
     0 | D:1      | Almogavar the Gnoll Wanderer began the quest for the Orb.
     0 | D:1      | Almogavar set off with the following items: a +0 mace, a +0
                  | robe, a +0 dagger; and the following spells available to
                  | memorise: Passwall, Sandblast, Summon Small Mammal, Stone
                  | Arrow, Call Canine Familiar, Petrify, Lee's Rapid
                  | Deconstruction
     0 | D:1      | Reached XP level 1. HP: 20/20 MP: 4/4
    48 | D:1      | HP: 1/20 [hobgoblin/+0 club (4)]
    52 | D:1      | Slain by a kobold

Illustrated notes

Levels and vault maps discovered:
D:1:      mushboom_english_gardens, layout_rooms, minivault_19, minivault_5

Action                   || total
-------------------------++-------
Melee: Mace              ||     7
       Bite              ||     1
Armor: Robe              ||     1
Dodge: Dodged            ||     6
